 Dungeon Crawl Stone Soup version 0.29-a0-218-gf2abdc9806 (webtiles) character file.

Game seed: 17106788525377522190

16 Cyric the Sneak (level 2, -3/13 HPs)
             Began as a Vine Stalker Enchanter on Feb 25, 2022.
             Slain by a kobold
             ... wielding a +2 whip of electrocution
              (13 damage)
             ... on level 1 of the Dungeon.
             The game lasted 00:07:03 (738 turns).

Cyric the Sneak (Vine Stalker Enchanter)             Turns: 738, Time: 00:07:04

Health: -3/13      AC:  2    Str: 10    XL:     2   Next: 58%
Magic:  0/6        EV: 12    Int: 15    God:
Gold:   18         SH:  0    Dex: 20    Spells: 3/5 levels left

rFire   . . .      SeeInvis .   a - +1 dagger
rCold   . . .      Faith    .   (no shield)
rNeg    . . .      Spirit   +   b - +0 robe
rPois   .          Reflect  .   (no helmet)
rElec   .          Harm     .   (no cloak)
rCorr   .          Rampage  .   (no gloves)
Will    .....                   (no boots)
Stlth   +++.......              (no amulet)
HPRegen 0.04/turn               f - +6 ring of dexterity
MPRegen 0.10/turn               (no ring)

@: no status effects
A: fangs 2, magic shield, antimagic bite, no potion heal 2
a: no special abilities


You were on level 1 of the Dungeon.
You visited 1 branch of the dungeon, and saw 1 of its levels.

You collected 18 gold pieces.

Inventory:

Hand Weapons
 a - a +1 dagger (weapon)
Armour
 b - a +0 robe (worn)
 e - a +2 buckler
Jewellery
 f - a +6 ring of dexterity (left hand)
Scrolls
 g - a scroll of identify {unknown}
Potions
 c - 2 potions of invisibility
 d - a potion of resistance {unknown}


   Skills:
 + Level 1.2 Short Blades
 - Level 1.5 Dodging
 * Level 4.1 Stealth
 - Level 2.2 Spellcasting
 * Level 3.3 Hexes
 + Level 0.2 Ice Magic


You had 3 spell levels left.
You knew the following spells:

 Your Spells              Type           Power      Damage    Failure   Level
a - Ensorcelled Hibernat  Hex/Ice        14%        N/A       16%         2

Your spell library contained the following spells:

 Spells                   Type           Power      Damage    Failure   Level
 Confusing Touch          Hex            11%        N/A       17%         3
 Tukima's Dance           Hex            11%        N/A       17%         3
 Foxfire                  Conj/Fire      4%         2x1d4     22%         1
 Dazzling Flash           Conj/Hex       12%        N/A       32%         3
 Inner Flame              Hex/Fire       6%         N/A       32%         3
 Conjure Flame            Conj/Fire      1%         6-21      54%         3
 Flame Wave               Conj/Fire      1%         2d4       91%         4


Dungeon Overview and Level Annotations

Branches:
Dungeon (1/15)

Altars:


Innate Abilities, Weirdness & Mutations

You have extremely sharp teeth.
When hurt, damage is shared between your health and your magic reserves.
Your bite disrupts and absorbs the magic of your enemies.
Potions cannot restore your health.


Message History

Found an escape hatch in the floor.
You now have 18 gold pieces (gained 3).
A dart slug comes into view.
You hit the dart slug. You bite the dart slug. You drain its power.
The dart slug is severely wounded.
The dart slug launches a dart at you. The slug dart hits you.
Aiming: Ensorcelled Hibernation (safe; 16% risk of failure)
Press: ? - help, Q - select action Shift-Dir - straight line, f - dart slug
Aim: a dart slug (severely wounded, chance to affect: 57%)
You miscast Ensorcelled Hibernation.
You are very lightly contaminated with residual magic.
Nothing appears to happen.
Aiming: Ensorcelled Hibernation (safe; 16% risk of failure)
Press: ? - help, Q - select action Shift-Dir - straight line, f/p - dart slug
Aim: a dart slug (severely wounded, chance to affect: 57%)
The dart slug resists with significant effort.
The dart slug bites you but does no damage.
You don't have enough magic to cast this spell.
You don't have enough magic to cast this spell.
You hit the dart slug.
You kill the dart slug!
You see here a dart slug corpse.
You start resting.
Your magical contamination has completely faded away.
You start resting.
HP restored.
You start resting.
Magic restored.
A kobold comes into view.
It is wielding a +2 whip of electrocution.
The kobold shouts!
Aiming: Ensorcelled Hibernation (safe; 16% risk of failure)
Press: ? - help, Q - select action Shift-Dir - straight line, f - kobold
Aim: a kobold, wielding a +2 whip of electrocution and quivering stones (chance to affect: 58%)
The kobold looks drowsy...
The kobold shouts!
The kobold hits you with a +2 whip of electrocution.
You are electrocuted!
Ouch! That really hurt!
You die...

.# .P♣♣♣♣≈≈ .# ..≈≈≈≈≈≈
.# # #+#≈P♣♣♣.≈ .# #.
#.# ♣P≈ ## #.
####.###♣#♣≈. ####.####
#........#♣♣)
#.......###.#...##.♣♣♣.
#....K..#.#......#.#♣P.
#.....@..#.........###.
#.......###..†.##..##..
#........#..##.........
#.......#...#####..####
#.......##.........#
##########........##
##########


You could see a kobold.

Vanquished Creatures
  A dart slug (D:1)
  2 endoplasms (D:1)
  2 giant cockroaches (D:1)
  2 goblins (D:1)
  A hobgoblin (D:1)
  A ball python (D:1)
  3 bats (D:1)
  2 rats (D:1)
14 creatures vanquished.

Notes
Turn   | Place    | Note
-------+----------+-------------------------------------------
     0 | D:1      | Cyric the Vine Stalker Enchanter began the quest for the
                  | Orb.
     0 | D:1      | Reached XP level 1. HP: 9/9 MP: 4/4
    74 | D:1      | Reached skill level 1 in Short Blades
   254 | D:1      | Reached XP level 2. HP: 10/13 MP: 6/6
   257 | D:1      | Learned a level 2 spell: Ensorcelled Hibernation
   475 | D:1      | Reached skill level 4 in Stealth
   738 | D:1      | Slain by a kobold

Illustrated notes

Levels and vault maps discovered:
D:1:      amcnicky_arrival_single_pillar, layout_loops_corners,
          ebering_ecumenical_altar_mist, serial_bayou_crossing

Skill      XL: |  1  2 |
---------------+-------+-----
Short Blades   | 1 |  1.2
Stealth        | 4 |  4.1
Dodging        | |  1.5
Spellcasting   | |  2.2
Hexes          | |  3.3
Ice Magic      | |  0.2

Action                   || total
-------------------------++-------
Melee: Dagger            ||    28
       Bite              ||     3
       Punch             ||     1
 Cast: Ensorcelled Hiber ||     9
 Stab: Sleeping          ||    10
Armor: Robe              ||     7
Dodge: Dodged            ||    13

Table legend: (Time is in decaauts)
 A = Elapsed time spent in this place.
 B = Non-inter-level travel time spent in this place.
 C = Inter-level travel time spent in this place.
 D = Time resting spent in this place.
 E = Time spent auto-exploring this place.
 F = Levels seen in this place.
 G = Mean time per level.
                   A        B        C        D        E       F      G
               +--------+--------+--------+--------+--------+-----+--------+
         Total |    741 |    726 |     15 |    171 |    112 |   1 |  741.0 |
       Dungeon |    741 |    726 |     15 |    171 |    112 |   1 |  741.0 |
               +--------+--------+--------+--------+--------+-----+--------+

Top non-repeatable levels by time:
     D:1: 741 daAuts
